 Dungeon Crawl Stone Soup version 0.30.1-4-g462c640d31 (webtiles) character file.

Game seed: 7919030770658724066

3206 Jimmdoggo the Martial Artist (level 10, 48/56 HPs)
             Began as a Kobold Monk on Aug 19, 2023.
             Quit the game on level 8 of the Dungeon on Aug 20, 2023.
             The game lasted 00:34:54 (7147 turns).

Jimmdoggo the Martial Artist (Kobold Monk)          Turns: 7147, Time: 00:34:55

Health: 48/56      AC:  8    Str: 23    XL:     10   Next: 17%
Magic:  10/18      EV: 19    Int: 11    God:
Gold:   489        SH:  0    Dex: 16    Spells: 17/20 levels left

rFire   . .          .
                       - Unarmed
rCold   + . .        (no shield)
rNeg    . . .        x - +2 robe {rC+}
rPois   .            (no helmet)
rElec   .            k - +2 cloak
rCorr   .            u - +0 pair of gloves
SInv    .            (no boots)
Will    +....        j - amulet of regeneration
Stlth   +++++        v - ring "Noaneke" {rC- Will+ Str+4}
HPRegen 1.09/turn    w - ring of protection from cold
MPRegen 0.16/turn

%: no passive effects
@: no status effects
A: small, no large weapons, nightstalker 3, deterioration 1, frail 1, strong 2
a: no special abilities


You were on level 8 of the Dungeon.
You visited 2 branches of the dungeon, and saw 9 of its levels.

You collected 489 gold pieces.

Inventory:

Missiles
 d - 59 stones (quivered)
 s - 9 poisoned darts
Armour
 c - an orb of light
 k - a +2 cloak (worn)
 u - a +0 pair of gloves (worn)
 x - a +2 robe of cold resistance (worn)
Magical Staves
 y - a staff of death
Jewellery
 j - an amulet of regeneration (around neck)
 v - the ring "Noaneke" (left hand) {rC- Will+ Str+4}
   (You found it on level 5 of the Dungeon)

   [ring of willpower]

   Str:       It affects your strength (+4).
   rC:        It makes you vulnerable to cold.
   Will:      It increases your willpower.
 w - a ring of protection from cold (right hand)
 B - a ring of resist corrosion
Wands
 A - a wand of paralysis (10)
Scrolls
 f - a scroll of immolation
 g - a scroll of amnesia {unknown}
 i - 3 scrolls of teleportation
 l - a scroll of fear
 n - 3 scrolls of magic mapping
 o - 2 scrolls of poison
 p - a scroll of vulnerability {unknown}
 q - a scroll of torment {unknown}
 r - a scroll of acquirement {unknown}
 z - a scroll of enchant armour
Potions
 a - a potion of invisibility
 b - a potion of ambrosia
 e - 2 potions of haste
 h - a potion of attraction {unknown}
 m - 3 potions of curing
 t - a potion of flight


   Skills:
 + Level 7.6 Fighting
 + Level 8.7 Dodging
 + Level 9.0 Stealth
 * Level 9.6 Unarmed Combat
 - Level 5.7 Spellcasting
 * Level 2.9 Summonings


You had 17 spell levels left.
You knew the following spells:

 Your Spells              Type           Power      Damage    Failure   Level
a - Call Canine Familiar  Summ           9%         N/A       19%         3

Your spell library contained the following spells:

 Spells                   Type           Power      Damage    Failure   Level
 Summon Small Mammal      Summ           36%        N/A       6%          1
 Beastly Appendage        Tmut           6%         N/A       21%         1
 Wereblood                Tmut           3%         N/A       30%         2
 Summon Guardian Golem    Hex/Summ       6%         N/A       32%         3
 Inner Flame              Hex/Fire       3%         N/A       52%         3
 Portal Projectile        Hex/Tloc       6%         N/A       52%         3
 Spider Form              Tmut/Pois      3%         N/A       52%         3
 Flame Wave               Conj/Fire      3%         2d5       89%         4
 Leda's Liquefaction      Hex/Erth       1%         N/A       89%         4
 Sticky Flame             Conj/Fire      3%         2d3       89%         4


Dungeon Overview and Level Annotations

Branches:
Dungeon (8/15)             Temple (1/1) D:5
   Lair: D:8-11

Altars:
Ashenzari
Cheibriados
Dithmenos
Elyvilon
Fedhas
Gozag
Hepliaklqana
Kikubaaqudgha
Makhleb
Nemelex Xobeh
Okawaru
Qazlal
Ru
Sif Muna
Uskayaw
Wu Jian
Xom
Yredelemnul
Zin

Shops:
D:6 *

Annotations:
D:7 3 runed translucent doors, ShellytheWitch's ghost, novice HOFi


Innate Abilities, Weirdness & Mutations

You are small and have problems with some larger weapons.
You are completely attuned to the shadows.
Your body sometimes deteriorates upon taking damage.
You are frail. (-10% HP)
Your muscles are very strong. (Str +8, Int/Dex -2)


Message History

The orc dies!
Items here: ( )))) [ ††††.
The gnoll attacks as you move away! The gnoll misses you.
* * * LOW HITPOINT WARNING * * *
You feel very sick. The gnoll misses you.
Your hound bites the gnoll.
Things that are here:
a +0 whip; 2 poisoned darts; a kobold corpse Unknown command.
* * * LOW HITPOINT WARNING * * *
You feel very sick.
Your hound barely misses the gnoll.
The gnoll throws a throwing net.
The throwing net completely misses you. The gnoll closely misses your hound.
Your hound misses the gnoll.
* * * LOW HITPOINT WARNING * * *
You feel very sick. The gnoll misses your hound.
Your hound bites the gnoll.
You see here a throwing net.
You feel better.
Your hound bites the gnoll.
The gnoll closely misses your hound.
Your hound barely misses the gnoll.
Save game and exit?
Okay, then.
Save game and exit?
Welcome back, Jimmdoggo the Kobold Monk.
Press ? for a list of commands and other information.
The gnoll hits your hound with a +2 halberd of venom!!
Your hound dies!
Your hound's corpse disappears in a puff of smoke!
Your magical contamination has completely faded away.
Casting: Call Canine Familiar (dangerous; 19% risk of failure)
Confirm with . or Enter, or press ? or * to list all spells.
You swap places.
Your hound bites the gnoll sergeant.
Your hound closely misses the gnoll sergeant.
Your hound bites the gnoll sergeant.
Your hound bites the gnoll sergeant but does no damage.
The gnoll sergeant hits your hound with a +0 spear.
Your hound disappears in a puff of smoke!
Casting: Call Canine Familiar (dangerous; 19% risk of failure)
Confirm with . or Enter, or press ? or * to list all spells.
Are you sure you want to abandon this character and quit the game? (Confirm with "yes".)

##.# ##.# #.## #.##
##.####### #.# #.......#
#### ##.# ##.......#
#..######..# #........#
##.....#...## #.......g.#
##...........#
#.........####............##
#.........h@...............#
............##..............
.....>...###...............
........## #...............
........# #.########......
......## #...... ##.###
#.....# #....## #..####


You could see a gnoll sergeant and a friendly hound (summoned).

Vanquished Creatures
  Pikel (D:6)
  A nameless horror (D:5)
  Grinder (D:5)
  A wyvern (D:8)
  A steam dragon (D:7)
  A water moccasin (D:6)
  A black bear (D:5)
  A sky beast (D:7)
  An ice beast (D:5)
  An orc warrior (D:6)
  An ogre (D:6)
  A centaur (D:5)
  A phantom (D:6)
  A kobold brigand (D:8)
  A wyvern zombie (D:7)
  2 bullfrogs (D:7)
  Blork the orc (D:6)
  4 scorpions
  A water moccasin zombie (D:7)
  2 howler monkeys
  An electric eel (D:7)
  3 hounds
  5 orc priests
  2 orc wizards
  3 sleepcaps
  2 iguanas
  8 gnolls
  7 adders
  2 shadow imps
  A white imp (D:6)
  2 ufetubi
  3 worms
  A dart slug (D:1)
  22 orcs
  8 bats
  7 endoplasms
  2 giant cockroaches (D:1)
  3 goblins
  4 hobgoblins (D:1)
  2 quokkas
  4 ball pythons
  6 frilled lizards
  13 kobolds
  A butterfly (D:5)
137 creatures vanquished.

Vanquished Creatures (collateral kills)
  An orc wizard (D:8)
  2 orcs
  2 kobolds (D:8)
5 creatures vanquished.

Grand Total: 142 creatures vanquished

Notes
Turn   | Place    | Note
-------+----------+-------------------------------------------
     0 | D:1      | Jimmdoggo the Kobold Monk began the quest for the Orb.
     0 | D:1      | Reached XP level 1. HP: 14/14 MP: 1/1
    89 | D:1      | Reached XP level 2. HP: 19/19 MP: 2/2
   275 | D:1      | Reached skill level 1 in Stealth
   494 | D:1      | Reached XP level 3. HP: 18/23 MP: 4/4
   709 | D:1      | Found a faded altar of an unknown god.
  1162 | D:2      | Reached skill level 1 in Spellcasting
  1291 | D:2      | Reached XP level 4. HP: 19/28 MP: 5/5
  1751 | D:3      | Gained mutation: You are partially covered in large bone
                  | plates. (SH +4) [potion of mutation]
  1751 | D:3      | Gained mutation: You occasionally lose the ability to drink
                  | potions when taking damage. [potion of mutation]
  1751 | D:3      | Gained mutation: Your spells are a little harder to cast,
                  | but a little more powerful. [potion of mutation]
  1752 | D:3      | Lost mutation: You occasionally lose the ability to drink
                  | potions when taking damage. [potion of mutation]
  1752 | D:3      | Lost mutation: You are partially covered in large bone
                  | plates. (SH +4) [potion of mutation]
  1752 | D:3      | Lost mutation: Your spells are a little harder to cast, but
                  | a little more powerful. [potion of mutation]
  1752 | D:3      | Gained mutation: Your system is resistant to poisons.
                  | (rPois) [potion of mutation]
  1752 | D:3      | Gained mutation: You have hidden genetic potential. [potion
                  | of mutation]
  2026 | D:3      | Found a shadowy altar of Dithmenos.
  2348 | D:3      | Noticed a scorpion
  2598 | D:3      | Reached XP level 5. HP: 16/33 MP: 7/7
  2743 | D:4      | Reached skill level 5 in Spellcasting
  2743 | D:4      | Reached XP level 6. HP: 42/42 MP: 7/13
  2820 | D:4      | Gained mutation: You have large cloven feet. [hidden
                  | potential]
  2976 | D:4      | Found a white marble altar of Elyvilon.
  3154 | D:4      | Reached XP level 7. HP: 43/47 MP: 14/14
  3213 | D:4      | Gained mutation: You expend magic power (3 MP) to
                  | strengthen your wands. [hidden potential]
  3213 | D:4      | Lost mutation: You have hidden genetic potential. [hidden
                  | potential expressed]
  3461 | D:4      | Found a glowing silver altar of Zin.
  3507 | D:5      | Entered Level 5 of the Dungeon
  3525 | D:5      | Found an iron altar of Okawaru.
  3721 | D:5      | Noticed Grinder
  3761 | D:5      | Reached XP level 8. HP: 28/52 MP: 14/16
  4141 | D:5      | Identified the ring "Noaneke" {rC- Will+ Str+4}
  4169 | D:5      | Found a staircase to the Ecumenical Temple.
  4175 | Temple   | Entered the Ecumenical Temple
  4621 | D:6      | Noticed Blork the orc
  4637 | D:6      | Killed Blork the orc
  4719 | D:6      | Noticed Pikel
  4853 | D:6      | Killed Pikel
  4854 | D:6      | Reached XP level 9. HP: 23/57 MP: 17/17
  4898 | D:6      | Found an ancient bone altar of Kikubaaqudgha.
  4948 | D:6      | Learned a level 3 spell: Call Canine Familiar
  5310 | D:6      | Reached skill level 1 in Summonings
  5540 | D:6      | Found Quudof's Neck Hole.
  6277 | D:7      | Found a runed translucent gate.
  6278 | D:7      | Found a runed translucent gate.
  6278 | D:7      | Noticed ShellytheWitch's ghost (novice HOFi)
  6279 | D:7      | Found a runed translucent gate.
  6280 | D:7      | Found a basalt altar of Yredelemnul.
  6376 | D:7      | Found a shimmering altar of Xom.
  6376 | D:7      | Found an opulent altar of Gozag.
  6617 | D:5      | Noticed a nameless horror
  6635 | D:5      | Killed a nameless horror
  6643 | D:5      | Killed Grinder
  6644 | D:5      | Reached XP level 10. HP: 63/63 MP: 3/18
  6911 | D:8      | Lost mutation: You expend magic power (3 MP) to strengthen
                  | your wands. [potion of mutation]
  6911 | D:8      | Lost mutation: You have large cloven feet. [potion of
                  | mutation]
  6911 | D:8      | Lost mutation: Your system is resistant to poisons. (rPois)
                  | [potion of mutation]
  6911 | D:8      | Gained mutation: Your body sometimes deteriorates upon
                  | taking damage. [potion of mutation]
  6911 | D:8      | Gained mutation: Your muscles are strong. (Str +4, Int/Dex
                  | -1) [potion of mutation]
  6912 | D:8      | Lost mutation: Your body sometimes deteriorates upon taking
                  | damage. [potion of mutation]
  6912 | D:8      | Lost mutation: Your muscles are strong. (Str +4, Int/Dex
                  | -1) [potion of mutation]
  6912 | D:8      | Gained mutation: Your body sometimes deteriorates upon
                  | taking damage. [potion of mutation]
  6912 | D:8      | Gained mutation: Your muscles are strong. (Str +4, Int/Dex
                  | -1) [potion of mutation]
  6912 | D:8      | Gained mutation: You are frail. (-10% HP) [potion of
                  | mutation]
  6912 | D:8      | Gained mutation: Your muscles are very strong. (Str +8,
                  | Int/Dex -2) [potion of mutation]
  7109 | D:8      | HP: 2/56 [poisoned by a gnoll]
  7147 | D:8      | Quit the game

Illustrated notes

Levels and vault maps discovered:
D:1:      sevenhm_arrival_forest_fort_small_3, layout_basic,
          shapermc_ecumenical_altar_flowoftime
D:2:      layout_loops_ring
D:3:      layout_loops_ring, nicolae_dithmenos_through_a_glass_darkly,
          serial_bayou_lake_a
D:4:      layout_basic, zin_scriptorium, mainiacjoe_overflow_chevrons
D:5:      layout_basic, amcnicky_altar_gilded, minmay_temple_entry_butterflies,
          uniq_grinder
D:6:      layout_basic, kennysheep_mini, nicolae_shop_sticking_my_neck_out,
          uniq_pikel, uniq_blork_the_orc
D:7:      layout_cave_pools, nicolae_yredelemnul_ghost_church,
          nicolae_overflow_squiral, roderic_batcave
D:8:      layout_cave_pods, nicolae_tso_carved_into_rock, serial_shops,
          nicolae_lakefront_shop
Temple:   minmay_temple_curvy_loop

Skill      XL: |  1  2  3  4  5  6  7  8  9 10 |
---------------+-------------------------------+-----
Stealth        | 1 2 7 8 9 |  9.0
Spellcasting   | 1 5 |  5.7
Dodging        | 4 7 8 |  8.7
Fighting       | 6 7 |  7.6
Unarmed Combat | 8 9 |  9.6
Summonings     | 2 |  2.9

Action                     |  1- 3 |  4- 6 |  7- 9 | 10-12 || total
---------------------------+-------+-------+-------+-------++-------
  Melee: Unarmed           |   114 |    98 |   266 |    51 ||   529
         Punch             |     3 |     4 |    19 |     6 ||    32
         Kick              |       |     9 |    86 |     5 ||   100
   Cast: Call Canine Famil |       |       |     5 |     4 ||     9
    Use: Potion            |       |     3 |       |     3 ||     6
         Scroll            |       |     5 |     7 |       ||    12
   Stab: Sleeping          |    19 |     7 |    26 |     1 ||    53
         Distracted        |       |       |     3 |       ||     3
 Armour: Robe              |     4 |    16 |    41 |    21 ||    82
  Dodge: Dodged            |    61 |    90 |   163 |    84 ||   398
